 Dungeon Crawl Stone Soup version 0.18.1-6-gd335043 (webtiles) character file.

134 ramc the Poker (level 4, -2/36 HPs)
             Began as a Minotaur Summoner on May 16, 2016.
             Slain by Robin
             ... wielding a +6 whip of electrocution
              (16 damage)
             ... on level 3 of the Dungeon.
             The game lasted 00:10:30 (1926 turns).

ramc the Poker (Minotaur Summoner)                  Turns: 1926, Time: 00:10:31

Health: -2/36      AC:  6    Str: 12    XL:     4   Next: 95%
Magic:  5/5        EV: 11    Int: 12    God:
Gold:   120        SH:  0    Dex: 12    Spells: 1 memorised, 4 levels left

rFire  . . .     SeeInvis .     k - +0 spear
rCold  + . .     Gourm    .     r - +0 ring mail
rNeg   . . .     Faith    .     (no shield)
rPois  .         Spirit   .     (helmet restricted)
rElec  .         Dismiss  .     o - +0 cloak
rCorr  .         Reflect  .     (no gloves)
SustAt .         Harm     .     (no boots)
MR     .....                    q - amulet of regeneration
Stlth  +.........               (no ring)
                                l - ring of protection from cold

@: not resistant to hostile enchantments, very unstealthy
A: retaliatory headbutt, horns 2
a: no special abilities


You were on level 3 of the Dungeon.
You were not hungry.

You visited 1 branch of the dungeon, and saw 3 of its levels.

You collected 120 gold pieces.

Inventory:

Hand Weapons
 f - a +0 dagger
 k - a +0 spear (weapon)
Missiles
 p - 35 stones (quivered)
 v - 6 poisoned needles
Armour
 i - a +0 leather armour
 o - a +0 cloak (worn)
 r - a +0 ring mail (worn)
 w - a +0 chain mail
Jewellery
 l - a ring of protection from cold (left hand)
 q - an amulet of regeneration (around neck)
Scrolls
 a - a scroll of enchant armour {unknown}
 d - 2 scrolls of remove curse {unknown}
 e - 4 scrolls of identify {unknown}
 m - a scroll of enchant weapon {unknown}
 t - a scroll of recharging {unknown}
 u - a scroll of teleportation {unknown}
Potions
 g - a potion of agility {unknown}
 h - 2 potions of curing {unknown}
 n - a potion of ambrosia {unknown}
 s - a potion of lignification {unknown}
Books
 b - a book of Callings

   Spells                             Type                      Level
   a - Summon Small Mammal            Summoning                    1
   b - Call Imp                       Summoning                    2
   c - Call Canine Familiar           Summoning                    3
   d - Summon Guardian Golem          Hexes/Summoning              3
   e - Summon Lightning Spire         Summoning/Air                4
   f - Summon Ice Beast               Ice/Summoning                4
Comestibles
 c - 6 bread rations
 j - 2 chunks of flesh
 x - a royal jelly


   Skills:
 - Level 2.0 Fighting
 * Level 4.4 Polearms
 - Level 3.0 Dodging
 - Level 1.5 Stealth
 - Level 1.3 Spellcasting
 - Level 2.9 Summonings


You had 4 spell levels left.
You knew the following spells:

 Your Spells              Type           Power        Failure   Level  Hunger
a - Summon Small Mammal   Summ           #...         21%         1    ##.....


Dungeon Overview and Level Annotations

Branches:
Dungeon (3/15)

Altars:

Annotations:
D:3 Robin


Innate Abilities, Weirdness & Mutations

You reflexively headbutt those who attack you in melee.
You have a pair of horns on your head.


Message History

Attack whom?
Press: ? - help, Dir - move target cursor, f - goblin
Aim: a goblin, wielding a dagger You reach to attack!
You closely miss the goblin. You hit the goblin.
The goblin is moderately wounded.
The goblin hits you but does no damage.
You hit the goblin.
You kill the goblin!
You hit Robin.
Robin is moderately wounded.
Robin hits you with a whip of electrocution.
You hit Robin.
Robin is moderately wounded.
Robin hits you but does no damage.
You are electrocuted!
You hit Robin but do no damage.
Robin is moderately wounded.
Robin hits you with a whip of electrocution.
You are electrocuted!
You die...

#gg## #.. ##..## ..#
##.g## ..# ##..## ..#
##.g###########.####
##.....#...........
#####...##....$.#
###########..##.#..#.#
#........@gg>......#
#.#########.#......#
#.# #.....#### #.#
####..# #.# #..# #.#
#..# #.######## #..#
#........# #..#
########.#


You could see Robin and a goblin.

Vanquished Creatures
  Jessica (D:2)
  4 adders (D:2)
  An ooze (D:3)
  An adder skeleton (D:1)
  A worm (D:2)
  A dart slug (D:2)
  A giant gecko (D:2)
  2 orcs (D:3)
  2 giant cockroaches
  7 goblins
  5 hobgoblins
  3 jackals (D:2)
  A quokka (D:3)
  12 bats
  A giant newt (D:1)
  4 kobolds
  3 rats
50 creatures vanquished.

Vanquished Creatures (collateral kills)
  A gnoll (D:1)
  A giant gecko (D:1)
  2 goblins (D:1)
  A hobgoblin (D:1)
  A rat (D:1)
6 creatures vanquished.

Grand Total: 56 creatures vanquished

Notes
Turn   | Place    | Note
--------------------------------------------------------------
     0 | D:1      | ramc the Minotaur Summoner began the quest for the Orb.
     0 | D:1      | Reached XP level 1. HP: 14/14 MP: 1/1
   334 | D:1      | Reached skill level 1 in Fighting
   596 | D:1      | Reached XP level 2. HP: 23/23 MP: 0/3
   884 | D:1      | Reached skill level 1 in Polearms
   884 | D:1      | Reached XP level 3. HP: 28/29 MP: 4/4
  1013 | D:2      | Noticed Jessica
  1075 | D:2      | Killed Jessica
  1075 | D:2      | Reached skill level 2 in Polearms
  1085 | D:2      | Reached XP level 4. HP: 36/36 MP: 3/5
  1115 | D:2      | Reached skill level 3 in Polearms
  1466 | D:2      | Reached skill level 4 in Polearms
  1866 | D:3      | Noticed Robin
  1926 | D:3      | Slain by Robin

Skill      XL: |  1  2  3  4 |
---------------+-------------+-----
Fighting       | 1 2 |  2.0
Dodging        | 3 |  3.0
Polearms       | 1 2 4 |  4.4
Stealth        | |  1.5
Spellcasting   | |  1.3
Summonings     | |  2.9

Action                   |  1- 3 |  4- 6 || total
-------------------------+-------+-------++-------
Melee: Unarmed           |    22 |       ||    22
       Headbutt          |    13 |    13 ||    26
       Spear             |    39 |   117 ||   156
       Dagger            |     7 |       ||     7
Throw: Stone             |     1 |     3 ||     4
 Cast: Summon Small Mamm |    16 |     8 ||    24
 Stab: Sleeping          |       |     1 ||     1
  Eat: Chunk             |     1 |     3 ||     4
Armor: Robe              |     7 |       ||     7
       Leather armour    |     4 |     2 ||     6
       Ring mail         |       |    25 ||    25
Dodge: Dodged            |    32 |    38 ||    70
